 Dungeon Crawl Stone Soup version 0.23.2-30-g0e89c35649 (webtiles) character file.

Game seed: 4829794394053972398

170 Mrkan the Shooter (level 5, -2/45 HPs)
             Began as a Centaur Hunter on June 24, 2019.
             Killed by nerve-wracking pain
             ... invoked by an orc priest
              (14 damage)
             ... on level 4 of the Dungeon.
             The game lasted 00:09:38 (2704 turns).

Mrkan the Shooter (Centaur Hunter)                  Turns: 2704, Time: 00:09:38

Health: -2/45      AC:  9    Str: 17    XL:     5   Next: 25%
Magic:  5/5        EV:  3    Int: 10    God:
Gold:   121        SH:  0    Dex: 10    Spells: 4/4 levels left

rFire    . . .     SeeInvis .   a - +1 shortbow
rCold    . . .     Gourm    .   (shield currently unavailable)
rNeg     . . .     Faith    .   h - +0 plate armour
rPois    .         Spirit   .   e - +0 helmet
rElec    .         Reflect  .   (no cloak)
rCorr    .         Harm     .   (no gloves)
MR       .....                  (no barding)
Stlth    ..........             (no amulet)
HPRegen  0.15/turn              g - +2 ring of strength
MPRegen  0.09/turn              (no ring)

@: very quick
A: large, hooves 3, deformed body, speed 2, tough skin 3
a: no special abilities


You were on level 4 of the Dungeon.
You were not hungry.

You visited 1 branch of the dungeon, and saw 4 of its levels.

You collected 121 gold pieces.

Inventory:

Hand Weapons
 a - a +1 shortbow (weapon)
 b - a +0 short sword
 o - a +0 rapier
Missiles
 d - 68 arrows (quivered)
Armour
 c - a +0 leather armour
 e - a +0 helmet (worn)
 h - a +0 plate armour (worn)
Jewellery
 g - a +2 ring of strength (left hand)
 p - an uncursed amulet of faith {unknown}
Scrolls
 i - a scroll of identify
 l - a scroll of enchant weapon {unknown}
 m - a scroll of blinking {unknown}
 n - a scroll of teleportation {unknown}
 q - a scroll of magic mapping {unknown}
Potions
 j - a potion of agility {unknown}
 k - a potion of haste {unknown}
 r - a potion of flight {unknown}
Comestibles
 f - 6 rations


   Skills:
 + Level 3.4 Fighting
 * Level 7.8 Bows
 - Level 1.3 Dodging
 - Level 0.4 Stealth


You had 4 spell levels left.
You didn't know any spells.
Your spell library was empty.

Dungeon Overview and Level Annotations

Branches:
Dungeon (4/15)
 Temple: D:4-7

Altars:


Innate Abilities, Weirdness & Mutations

You have hooves in place of feet.
Armour fits poorly on your strangely shaped body.
You cover ground very quickly.
You have extremely tough skin. (AC +3)


Message History

Aim: an orc priest, wielding a +0 hand axe and wearing a +0 leather armour (lightly wounded)
You shoot an arrow. The arrow hits the orc priest.
The orc priest is moderately wounded.
The orc priest looks satisfied for a moment.
Firing (i - inventory)
d - 70 arrows (quivered)
Press: ? - help, Shift-Dir - straight line, f/p - orc priest
Aim: an orc priest, wielding a +0 hand axe and wearing a +0 leather armour (moderately wounded)
You shoot an arrow. The arrow hits the orc priest.
The orc priest is severely wounded.
The orc priest invokes the aid of Beogh against you.
Beogh smites you!
* * * LOW HITPOINT WARNING * * *
Firing (i - inventory)
d - 69 arrows (quivered)
Press: ? - help, Shift-Dir - straight line, f/p - orc priest
Aim: an orc priest, wielding a +0 hand axe and wearing a +0 leather armour (severely wounded)
You shoot an arrow.
The arrow completely misses the orc priest.
The orc priest invokes the aid of Beogh against you.
Pain shoots through your body!
You die...

#.##..((.##
.%#.......##
#........(###
.#.....).....
..!........#
........(.#
.......o.#
.......@#
...^..###
....# ..# #


You could see an orc priest.

Vanquished Creatures
  10 adders
  A shadow imp (D:2)
  An ooze (D:1)
  A worm (D:2)
  A dart slug (D:1)
  3 leopard geckos
  2 orcs
  2 giant cockroaches (D:3)
  6 goblins
  5 hobgoblins
  4 jackals (D:1)
  A ball python (D:1)
  4 bats
  5 frilled lizards
  11 kobolds
  A quokka skeleton (D:2)
  6 rats
64 creatures vanquished.

Notes
Turn   | Place    | Note
-------+----------+-------------------------------------------
     0 | D:1      | Mrkan the Centaur Hunter began the quest for the Orb.
     0 | D:1      | Reached XP level 1. HP: 17/17 MP: 1/1
   113 | D:1      | Reached XP level 2. HP: 18/24 MP: 2/2
   257 | D:1      | Reached skill level 6 in Bows
   660 | D:1      | Reached XP level 3. HP: 27/30 MP: 3/3
   975 | D:2      | Reached XP level 4. HP: 13/37 MP: 4/4
  1399 | D:2      | Reached skill level 7 in Bows
  2120 | D:3      | Reached XP level 5. HP: 30/45 MP: 5/5
  2704 | D:4      | Killed from afar by an orc priest

Skill      XL: |  1  2  3  4 |
---------------+-------------+-----
Bows           | 6 7 |  7.8
Fighting       | 3 |  3.4
Dodging        | |  1.3
Stealth        | |  0.4

Action                   |  1- 3 |  4- 6 || total
-------------------------+-------+-------++-------
Melee: Short sword       |    94 |    72 ||   166
       Kick              |    14 |    11 ||    25
 Fire: Shortbow          |    17 |    85 ||   102
  Use: Potion            |     2 |     1 ||     3
       Scroll            |       |     3 ||     3
  Eat: Chunk             |       |     4 ||     4
Armor: Leather armour    |    33 |    20 ||    53
       Plate armour      |       |    69 ||    69
Dodge: Dodged            |    50 |    30 ||    80
